 Dungeon Crawl Stone Soup version 0.23-b1-51-gfe822ef6ca (webtiles) character file.

Game seed: 7284663079273960926

50 Kaderl the Ruffian (level 3, -5/28 (29) HPs)
             Began as a Ghoul Gladiator on Feb 3, 2019.
             Killed by divine providence
             ... invoked by an orc priest
              (10 damage)
             ... on level 2 of the Dungeon.
             The game lasted 00:05:24 (1324 turns).

Kaderl the Ruffian (Ghoul Gladiator)                Turns: 1324, Time: 00:05:25

HP:   -5/28 (29)    AC:  4    Str: 17    XL:     3   Next: 79%
MP:   2/2           EV: 13    Int:  3    God:
Gold: 50            SH:  0    Dex: 11    Spells: 2/2 levels left

rFire    . . .     SeeInvis .     - Unarmed
rCold    + . .     Gourm    .   (no shield)
rNeg     + + +     Faith    .   a - +0 leather armour
rPois    ∞         Spirit   .   e - +0 helmet
rElec    .         Reflect  .   (no cloak)
rCorr    .         Harm     .   (no gloves)
MR       .....                  (no boots)
Stlth    +.........             (no amulet)
HPRegen  0.00/turn              (no ring)
MPRegen  0.08/turn              (no ring)

@: rotting
A: rotting body, claws 1, carnivore, cold resistance 1, negative energy
resistance 3, inhibited regeneration, torment resistance, unbreathing
a: no special abilities


You were on level 2 of the Dungeon.
You were not hungry.

You visited 1 branch of the dungeon, and saw 2 of its levels.

You collected 50 gold pieces.

Inventory:

Missiles
 c - 3 throwing nets (quivered)
Armour
 a - a +0 leather armour (worn)
 e - a +0 helmet (worn)
Jewellery
 g - an uncursed amulet of rage {unknown}
Scrolls
 b - a scroll of random uselessness {unknown}
 i - a scroll of magic mapping {unknown}
 j - a scroll of teleportation {unknown}
Potions
 h - a potion of ambrosia {unknown}
 k - a potion of lignification {unknown}
Comestibles
 d - 2 rations
 f - 9 chunks of flesh


   Skills:
 + Level 2.2 Fighting
 + Level 1.8 Throwing
 + Level 1.0 Armour
 * Level 3.4 Dodging
 * Level 0.8 Stealth
 + Level 3.9 Unarmed Combat


You had 2 spell levels left.
You didn't know any spells.
Your spell library was empty.

Dungeon Overview and Level Annotations

Branches:
Dungeon (2/15)

Altars:


Innate Abilities, Weirdness & Mutations

Your body is rotting away.
You thrive on raw meat.
You are immune to poison.
You have sharp fingernails.
You are carnivorous and can eat meat at any time.
Your flesh is cold resistant. (rC+)
You are immune to negative energy. (rN+++)
You do not regenerate when monsters are visible.
You are immune to unholy pain and torment.
You can survive without breathing.


Message History

The orc priest barely misses you.
You scratch the orc priest but do no damage.
The orc priest is moderately wounded.
You closely miss the orc priest.
The orc priest is moderately wounded.
The orc priest hits you with a +0 flail.
* * * LOW HITPOINT WARNING * * *
You scratch the orc priest but do no damage.
Your claw misses the orc priest.
The orc priest is moderately wounded.
The orc priest hits you with a +0 flail.
* * * LOW HITPOINT WARNING * * *
You scratch the orc priest.
The orc priest is heavily wounded.
The orc priest barely misses you.
You scratch the orc priest but do no damage.
The orc priest is heavily wounded.
The orc priest invokes the aid of Beogh against you.
Beogh smites you!
You die...

..#........# #.#
....<......###÷#######
..#........##...÷....#
......##..###........#
##....# .# #........#
....... ##.#######
##.......#####.#
##...........o#########
..#########ooo@......[
....oo########## ...8..
....o.. ......S .......
8...8..


You could see 2 orc priests and 4 orcs.

Vanquished Creatures
  An adder (D:2)
  A worm (D:2)
  A dart slug (D:1)
  2 leopard geckos
  2 bats
  A giant cockroach (D:1)
  2 hobgoblins (D:2)
  9 jackals
  3 ball pythons (D:1)
  2 frilled lizards
  6 kobolds
  A rat (D:2)
31 creatures vanquished.

Notes
Turn   | Place    | Note
-------+----------+-------------------------------------------
     0 | D:1      | Kaderl the Ghoul Gladiator began the quest for the Orb.
     0 | D:1      | Reached XP level 1. HP: 17/17 MP: 0/0
   353 | D:1      | Reached XP level 2. HP: 21/24 MP: 1/1
   878 | D:2      | Reached XP level 3. HP: 28/29 MP: 2/2
  1317 | D:2      | Reached skill level 1 in Armour
  1324 | D:2      | Killed from afar by an orc priest

Skill      XL: |  1  2  3 |
---------------+----------+-----
Dodging        | 3 |  3.4
Armour         | 1 |  1.0
Fighting       | |  2.2
Throwing       | |  1.8
Stealth        | |  0.8
Unarmed Combat | |  3.9

Action                   || total
-------------------------++-------
Melee: Unarmed           ||   109
  Eat: Chunk             ||     8
Armor: Leather armour    ||    26
Dodge: Dodged            ||    82
